 Dungeon Crawl Stone Soup version 0.31-a0-325-g067879e3d3 (webtiles) character file.

Game seed: 6332388003782783393

20902 lunkers the Black Belt (level 13, -3/109 HPs)
             Began as a Meteoran Shapeshifter on July 18, 2023.
             Was an Elder of Makhleb.
             Slain by a six-headed hydra (5 damage)
             ... on level 4 of the Lair of Beasts.
             The game lasted 00:18:21 (5440 turns).

lunkers the Black Belt (Meteoran Shapeshifter)      Turns: 5440, Time: 00:18:21

Health: -3/109     AC:  8    Str: 17    XL:     13   Next: 46%
Magic:  21/21      EV: 21    Int: 13    God:    Makhleb [****..]
Gold:   588        SH:  0    Dex: 23    Spells: 12/12 levels left

rFire   + +          .
                       - Unarmed
rCold   + . .        (no shield)
rNeg    . . .        p - melded +5 leather armour "Zeupawnu" {rC+ Regen+}
rPois   .            K - +2 hat {Int+3}
rElec   .            (no cloak)
rCorr   .            (no gloves)
SInv    +            h - +1 pair of boots
Will    +....        (no amulet)
Stlth   +            v - ring of the Tick {*Slow rF++ rC+ AC+4 Dex+3}
HPRegen 0.38/turn    n - ring of see invisible
MPRegen 0.17/turn

%: slow self (1%)
@: maw-form, glowing
A: devouring maw, reduced hp, sense surroundings 2, otherworldly, glowing,
explore regen
a: Begin Untransformation, Renounce Religion, Minor Destruction, Lesser Servant
of Makhleb, Major Destruction


You were on level 4 of the Lair of Beasts.
You worshipped Makhleb.
Makhleb was greatly pleased with you.
You were a creature with a mouth for a stomach.
You visited 2 branches of the dungeon, and saw 14 of its levels.
You also visited: Bailey and Gauntlet.

You collected 588 gold pieces.

Inventory:

Hand Weapons
 S - a +1 demon trident of pain
Missiles
 t - 2 throwing nets
Armour
 e - a +2 tower shield
 f - +0 acid dragon scales
 h - a +1 pair of boots (worn)
 p - the +5 leather armour "Zeupawnu" (melded) {rC+ Regen+}
   (You found it on level 3 of the Dungeon)

   rC:        It protects you from cold.
   Regen:     It increases your rate of health regeneration.
 y - a +3 leather armour of cold resistance
 J - the +1 leather armour "Xoromiuph" {Will+ Str+3}
   (You found it on level 9 of the Dungeon)

   Str:       It affects your strength (+3).
   Will:      It increases your willpower.
 K - a +2 hat of intelligence (worn)
 Q - +2 pearl dragon scales
 R - a +1 kite shield of protection
 T - +2 swamp dragon scales
Jewellery
 j - a ring of fire
 n - a ring of see invisible (right hand)
 u - a ring of protection from cold
 v - the ring of the Tick (left hand) {*Slow rF++ rC+ AC+4 Dex+3}
   (You found it on level 5 of the Dungeon)

   [ring of protection]

   AC:        It affects your AC (+4).
   Dex:       It affects your dexterity (+3).
   rF:        It greatly protects you from fire.
   rC:        It protects you from cold.
   *Slow:     It may slow you when you take damage.
 F - a ring of resist corrosion
 N - a +5 ring of evasion
 O - the amulet "Voiveitu" {Acrobat rC+ rN+ Will- Regen+}
   (You found it in a Gauntlet)

   [amulet of the acrobat]

   It increases your evasion while moving and waiting.
   rC:        It protects you from cold.
   rN:        It protects you from negative energy.
   Regen:     It increases your rate of health regeneration.
   Will:      It decreases your willpower.
 P - a ring of positive energy
Talismans
 c - a beast talisman
 H - a talisman of death
 I - a blade talisman
 U - a maw talisman
Wands
 b - a wand of flame (14)
 i - a wand of digging (1)
 B - a wand of mindburst (13)
 E - a wand of charming (9)
Scrolls
 d - 2 scrolls of amnesia
 o - a scroll of enchant armour
 q - 2 scrolls of revelation
 C - a scroll of blinking
 L - a scroll of brand weapon
Potions
 a - a potion of berserk rage {unknown}
 g - 2 potions of brilliance
 k - a potion of invisibility
 l - 2 potions of magic
 m - a potion of mutation
 r - 3 potions of curing
 s - 5 potions of attraction
 w - a potion of might {unknown}
 x - 2 potions of enlightenment
 z - 2 potions of heal wounds
 D - a potion of haste {unknown}
 G - a potion of lignification
Miscellaneous
 A - a piece from Xom's chessboard (15/15)
 M - a lightning rod (4/4)


   Skills:
 + Level 9.9 Fighting
 + Level 10.9 Dodging
 + Level 15.6 Unarmed Combat
 - Level 10.0 Invocations
 * Level 8.6 Shapeshifting


You had 12 spell levels left.
You didn't know any spells.
Your spell library contained the following spells:

 Spells                   Type           Power      Damage    Failure   Level
 Kiss of Death            Conj/Necr      0%         2d5       30%         1
 Summon Small Mammal      Summ           0%         N/A       30%         1
 Call Canine Familiar     Summ           0%         N/A       67%         3
 Confusing Touch          Hex            0%         N/A       67%         3
 Portal Projectile        Hex/Tloc       0%         N/A       67%         3
 Summon Guardian Golem    Hex/Summ       0%         N/A       67%         3
 Dispel Undead            Necr           0%         3d6       97%         4
 Leda's Liquefaction      Hex/Erth       0%         N/A       97%         4
 Passage of Golubria      Tloc           0%         N/A       97%         4
 Lee's Rapid Deconstruct  Erth           0%         3d4*      100%        5
 Leda's Unmaking          Conj/Erth      0%         9d1       100%        6
 Disjunction              Tloc           0%         N/A       100%        8


Dungeon Overview and Level Annotations

Branches:
Dungeon (9/15) Zot: 1629   Temple (0/1) D:7            Lair (5/5) D:9 Zot: 2025
 Bailey (visited)         Gauntlet (visited)
  Swamp: Lair:2-3    Shoals: Lair:2-3     Snake: Lair:2-3    Spider: Lair:2-3
  Slime: Lair:4-5       Orc: D:9-12

Altars:
Elyvilon
Fedhas
Makhleb
Sif Muna
Uskayaw
Xom

Shops:
D:5 !

Annotations:
D:4 2 transporters, lunkers's ghost, amateur MeSh
D:6 1 runed translucent door, SirDiesAlot's ghost, novice OpSh


Innate Abilities, Weirdness & Mutations

You are a creature with a mouth for a stomach.
Your midsection houses a second, enormous mouth.
Your maximum health is decreased, since you lack skill for your form.
You passively map the area around you.
You are easily found by Zot.
You glow in the dark.
You regain HP and MP as you explore.


Message History

The six-headed hydra bites you but does no damage.
The six-headed hydra misses you.
The six-headed hydra bites you but does no damage.
The six-headed hydra bites you.
* * * LOW HITPOINT WARNING * * *
The six-headed hydra bites you.
* * * LOW HITPOINT WARNING * * *
You hit the six-headed hydra.
The six-headed hydra is severely wounded.
The six-headed hydra barely misses you. The six-headed hydra misses you. x2
The six-headed hydra barely misses you.
The six-headed hydra bites you but does no damage.
The six-headed hydra barely misses you.
Unknown command.
Unknown command.
Unknown command.
You barely miss the six-headed hydra.
The six-headed hydra is severely wounded.
Unknown command.
Unknown command.
Unknown command.
You hit the six-headed hydra.
The six-headed hydra is severely wounded.
The six-headed hydra bites you but does no damage.
The six-headed hydra misses you.
The six-headed hydra bites you but does no damage.
The six-headed hydra bites you!
* * * LOW HITPOINT WARNING * * *
The six-headed hydra bites you.
* * * LOW HITPOINT WARNING * * *
The six-headed hydra misses you.
Unknown command.
You punch the six-headed hydra! You bite the six-headed hydra.
The six-headed hydra is almost dead.
The six-headed hydra closely misses you.
The six-headed hydra completely misses you.
The six-headed hydra misses you.
The six-headed hydra completely misses you.
The six-headed hydra bites you.
You die...

#.........#...P#
##........#...####
#........###...#.#
#...#.##..###....#
#.......#..#.##.##
*........#....##†.#
..........##†>###
########.###.D### ,
#....##W.## ,* *
#..#.##.#.# *
#..###....## ,
#.#######..## +
#...# #....# .....
,#..## #...## ...P.
#...# ###.# #..⌠.
#..## #.#
#..P.#####..# #.. *


You could see a six-headed hydra.

Vanquished Creatures
  A minotaur (Gauntlet)
  A hydra (Lair:4)
  Erolcha (D:9)
  A catoblepas (Lair:2)
  Pikel (D:5)
  A deep elf pyromancer (Bailey)
  An orc knight (Bailey)
  5 elephants (Lair:4)
  4 cane toads
  A torpor snail (Lair:4)
  2 black mambas
  Maggie (D:6)
  A kobold demonologist (D:7)
  4 komodo dragons
  A polar bear (Lair:1)
  A hornet (D:9)
  Prince Ribbit (D:6)
  10 blink frogs
  A vampire (D:5)
  4 wyverns
  10 flying skulls (Gauntlet)
  15 yaks
  2 ynoxinuls (Gauntlet)
  Eustachio (D:5)
  A basilisk (Lair:2)
  Menkaure (D:5)
  Edmund (D:5)
  2 wargs (D:9)
  6 water moccasins
  3 black bears
  6 orc warriors
  2 ice beasts
  2 ogres
  A centaur (D:8)
  4 wolves (Lair:1)
  A phantom (D:6)
  4 lemures (D:5)
  2 kobold brigands
  4 bullfrogs
  A gnoll sergeant (D:8)
  2 scorpions
  4 killer bees
  An orc priest (D:9)
  A gnoll bouda (D:7)
  4 hounds
  4 iron imps (Gauntlet)
  2 iguanas
  A sleepcap (D:5)
  Natasha (twice) (D:4)
  4 orc wizards
  10 gnolls
  2 adders
  A white imp (D:7)
  An ufetubus (D:6)
  3 worms (D:2)
  2 dart slugs
  28 orcs
  4 endoplasms
  6 giant cockroaches
  6 goblins
  5 hobgoblins
  2 jackals (D:1)
  21 kobolds
  3 quokkas
  9 ball pythons
  3 bats
  2 frilled lizards
  5 rats
  A butterfly (Lair:4)
251 creatures vanquished.

Vanquished Creatures (others)
  A butterfly (D:3)
1 creature vanquished.

Grand Total: 252 creatures vanquished

Notes
Turn   | Place    | Note
-------+----------+-------------------------------------------
     0 | D:1      | lunkers the Meteoran Shapeshifter began the quest for the
                  | Orb.
     0 | D:1      | Reached XP level 1. HP: 17/17 MP: 2/2
    31 | D:1      | Reached skill level 3 in Unarmed Combat
    31 | D:1      | Reached XP level 2. HP: 20/24 MP: 3/3
   184 | D:1      | Reached XP level 3. HP: 22/29 MP: 4/4
   190 | D:1      | Reached skill level 4 in Unarmed Combat
   330 | D:2      | Reached XP level 4. HP: 26/36 MP: 5/5
   454 | D:2      | Reached skill level 5 in Unarmed Combat
   581 | D:3      | Identified the +5 leather armour "Zeupawnu" {rC+ Regen+}
   764 | D:3      | Found a white marble altar of Elyvilon.
   862 | D:3      | Reached XP level 5. HP: 38/41 MP: 6/6
  1045 | D:4      | Noticed an ogre
  1054 | D:4      | Killed an ogre
  1055 | D:4      | Reached skill level 7 in Unarmed Combat
  1055 | D:4      | Reached XP level 6. HP: 10/48 MP: 7/7
  1089 | D:4      | Noticed Natasha
  1095 | D:4      | Killed Natasha
  1103 | D:4      | Found a burning altar of Makhleb.
  1108 | D:4      | Became a worshipper of Makhleb the Destroyer
  1238 | D:4      | Found a transporter.
  1238 | D:4      | Noticed lunkers's ghost (amateur MeSh)
  1249 | D:4      | Noticed Natasha
  1256 | D:4      | Killed Natasha
  1257 | D:4      | Reached XP level 7. HP: 53/55 MP: 8/8
  1271 | D:4      | Found a transporter.
  1317 | D:5      | Entered Level 5 of the Dungeon
  1330 | D:5      | Noticed Eustachio
  1355 | D:5      | Reached skill level 8 in Unarmed Combat
  1398 | D:5      | Killed Eustachio
  1399 | D:5      | Reached skill level 9 in Unarmed Combat
  1413 | D:5      | Found Modwah's Distillery.
  1461 | D:5      | Found a hide-covered altar of Uskayaw.
  1510 | D:5      | Identified the ring of the Tick {*Slow rF++ rC+ AC+4 Dex+3}
  1556 | D:5      | Reached XP level 8. HP: 50/61 MP: 9/9
  1568 | D:5      | Noticed Edmund
  1577 | D:5      | Killed Edmund
  1578 | D:5      | Reached skill level 10 in Unarmed Combat
  1586 | D:5      | Noticed a vampire
  1602 | D:5      | Killed a vampire
  1675 | D:5      | Reached skill level 11 in Unarmed Combat
  1744 | D:5      | Noticed Menkaure
  1756 | D:5      | Killed Menkaure
  1777 | D:5      | Found a blossoming altar of Fedhas.
  1871 | D:5      | Noticed Pikel
  1886 | D:5      | Killed Pikel
  1887 | D:5      | Reached skill level 12 in Unarmed Combat
  1887 | D:5      | Gained mutation: You passively map the area around you.
                  | [Meteoran growth]
  1887 | D:5      | Reached XP level 9. HP: 45/70 MP: 9/11
  1946 | D:6      | Found a runed translucent door.
  1964 | D:6      | Reached * piety under Makhleb
  2009 | D:6      | Noticed Prince Ribbit
  2021 | D:6      | Killed Prince Ribbit
  2031 | D:6      | Noticed SirDiesAlot's ghost (novice OpSh)
  2320 | D:6      | Noticed Maggie
  2331 | D:6      | Killed Maggie
  2332 | D:6      | Reached skill level 5 in Dodging
  2332 | D:6      | Reached XP level 10. HP: 47/80 MP: 14/14
  2515 | D:7      | Found a flagged portal.
  2524 | Bailey   | Entered a bailey
  2570 | Bailey   | Reached skill level 5 in Invocations
  2590 | Bailey   | Reached skill level 5 in Fighting
  2629 | Bailey   | Found a large runed translucent door.
  2629 | Bailey   | Found a large runed translucent door.
  2630 | Bailey   | Noticed a deep elf pyromancer
  2644 | Bailey   | Reached skill level 13 in Unarmed Combat
  2644 | Bailey   | Noticed an orc knight
  2659 | Bailey   | Killed an orc knight
  2689 | Bailey   | Killed a deep elf pyromancer
  2803 | D:7      | Reached ** piety under Makhleb
  2923 | D:7      | Noticed a kobold demonologist
  2932 | D:7      | Noticed an orange demon
  2936 | D:7      | Killed a kobold demonologist
  3248 | D:7      | Found a shimmering blue altar of Sif Muna.
  3302 | D:7      | Found a staircase to the Ecumenical Temple.
  3458 | D:8      | Reached XP level 11. HP: 77/91 MP: 17/17
  3862 | D:9      | Found a staircase to the Lair.
  3901 | D:9      | Reached skill level 14 in Unarmed Combat
  3962 | D:9      | Reached *** piety under Makhleb
  3990 | D:9      | Noticed Erolcha
  3997 | D:9      | Killed Erolcha
  4001 | D:9      | Identified the +1 leather armour "Xoromiuph" {Will+ Str+3}
  4134 | Lair:1   | Entered Level 1 of the Lair of Beasts
  4143 | Lair:1   | Noticed a black mamba
  4154 | Lair:1   | Killed a black mamba
  4217 | Lair:1   | Reached XP level 12. HP: 90/101 MP: 19/19
  4291 | Lair:2   | Reached skill level 5 in Shapeshifting
  4348 | Lair:2   | Noticed a catoblepas
  4372 | Lair:2   | Killed a catoblepas
  4479 | Lair:2   | Found a shimmering altar of Xom.
  4742 | Lair:4   | Noticed a six-headed hydra
  4755 | Lair:4   | Killed a six-headed hydra
  4756 | Lair:4   | Reached skill level 10 in Invocations
  4768 | Lair:4   | Found a gate leading to a gauntlet.
  4777 | Gauntlet | Entered a Gauntlet
  4777 | Gauntlet | Found a transporter.
  4777 | Gauntlet | Found a transporter.
  4782 | Gauntlet | Found a transporter.
  4792 | Gauntlet | Found a transporter.
  4792 | Gauntlet | Noticed a catoblepas
  4795 | Gauntlet | Found a transporter.
  4799 | Gauntlet | Found a large runed translucent door.
  4799 | Gauntlet | Found the ring of the Mage {Wiz Archmagi}
  4799 | Gauntlet | Noticed a death yak
  4800 | Gauntlet | Found a large runed translucent door.
  4800 | Gauntlet | Noticed a death yak
  4801 | Gauntlet | Found a large runed translucent door.
  4801 | Gauntlet | Found a large runed translucent door.
  4801 | Gauntlet | Noticed a death yak
  4802 | Gauntlet | Found a runed translucent gate.
  4803 | Gauntlet | Found a large runed translucent door.
  4803 | Gauntlet | Found a large runed translucent door.
  4803 | Gauntlet | Found a runed translucent door.
  4803 | Gauntlet | Found a transporter.
  4803 | Gauntlet | Found a runed translucent gate.
  4803 | Gauntlet | Found a transporter.
  4804 | Gauntlet | Found a large runed translucent door.
  4804 | Gauntlet | Found a runed translucent gate.
  4804 | Gauntlet | Found a runed translucent door.
  4805 | Gauntlet | Noticed a death yak
  4806 | Gauntlet | Noticed a death yak
  4807 | Gauntlet | Found a transporter.
  4807 | Gauntlet | Found a large runed translucent door.
  4807 | Gauntlet | Noticed a death yak
  4813 | Gauntlet | Found a large runed translucent door.
  4815 | Gauntlet | Found a transporter.
  4838 | Gauntlet | Noticed a wizard
  4844 | Gauntlet | Found a transporter.
  4856 | Gauntlet | Reached **** piety under Makhleb
  4874 | Gauntlet | Found a transporter.
  4918 | Gauntlet | Noticed a soul eater
  4920 | Gauntlet | Found a transporter.
  4928 | Gauntlet | Found a large runed translucent door.
  4928 | Gauntlet | Found a large runed translucent door.
  4928 | Gauntlet | Found a large runed translucent door.
  4929 | Gauntlet | Found a large runed translucent door.
  4929 | Gauntlet | Found a large runed translucent door.
  4930 | Gauntlet | Found a large runed translucent door.
  4930 | Gauntlet | Found a large runed translucent door.
  4958 | Gauntlet | Reached skill level 15 in Unarmed Combat
  4972 | Gauntlet | Reached skill level 10 in Dodging
  5003 | Gauntlet | Identified the amulet "Voiveitu" {Acrobat rC+ rN+ Will-
                  | Regen+}
  5026 | Gauntlet | Noticed a minotaur
  5036 | Gauntlet | Killed a minotaur
  5048 | Gauntlet | Got the Reference Book on Guile and Topology
  5104 | Lair:4   | Reached XP level 13. HP: 85/111 MP: 21/21
  5286 | Lair:5   | Entered Level 5 of the Lair of Beasts
  5393 | Lair:5   | Noticed a six-headed hydra
  5439 | Lair:4   | HP: 3/109 [six-headed hydra (8)]
  5440 | Lair:4   | Slain by a six-headed hydra

Illustrated notes

Levels and vault maps discovered:
D:1:      spicycebolla_arrival_xxxplode, layout_basic
D:2:      layout_rooms, basic_ecumenical_altar
D:3:      layout_basic, nicolae_elyvilon_peaceful_grove,
          nicolae_figureground_pulse
D:4:      layout_basic, lightli_temple_of_fire, gammafunk_ghost_stat_death,
          uniq_natasha
D:5:      layout_gridville, nicolae_uskayaw_dance_hall, fedhas_altar_4,
          lemuel_round_altar, serial_shops, nicolae_shop_pleasant_corner_grove,
          uniq_edmund, uniq_pikel, uniq_eustachio, uniq_menkaure
D:6:      layout_loops_corners, marbit_many_paths, ebering_ghost_sewer_d,
          uniq_maggie, uniq_prince_ribbit1
D:7:      layout_cave_pods, lemuel_coloured_pillars_altar,
          minmay_temple_entry_hall, enter_bailey_2, serial_column_ruins,
          column_ruins_hut_pillars, column_ruins_hut,
          column_ruins_corridor_straight, column_ruins_grid_3,
          column_ruins_grid_1, column_ruins_open_tiny, column_ruins_open_small,
          column_ruins_corridor_dead_end, column_ruins_grid_1, ebering_ghost_xom
D:8:      layout_loops_cross
D:9:      layout_basic, mainiacjoe_overflow_paths,
          nicolae_gozag_cash_rules_everything_around_me,
          erik_lair_orcish_takeover, uniq_harold, uniq_erolcha
Lair:1:   layout_loops_ring, chequers_serial_rivers_micro_c,
          beast_lair_carwin_6, grunt_megastairs_1, lemuel_fruit_tree
Lair:2:   layout_cave_pods, spider_nest_entry_funnel_web, basic_altar
Lair:3:   layout_gridlike, minmay_swamp_entry_worms, uniq_josephine
Lair:4:   layout_cave_pods, gauntlet_entry_generic, st_stairs_7,
          eino_house_with_fridge, lemuel_fruit_fields
Lair:5:   hellmonk_lair_end_abyssal_woods, layout_gridlike,
          minmay_slime_entry_oklob_enclosed, hellmonk_guarded_unrand_vines,
          serial_bayou_shore_b, infiniplex_staircase_pool, lemuel_fruit_fields,
          grunt_megastairs_2

Skill      XL: |  1  2  3  4  5  6  7  8  9 10 11 12 13 |
---------------+----------------------------------------+-----
Unarmed Combat | 3 4 5 7 9 12 13 14 15 | 15.6
Fighting       | 3 4 6 8 9 |  9.9
Dodging        | 3 5 7 9 10 | 10.9
Invocations    | 2 4 7 9 10 | 10.0
Shapeshifting  | 4 7 8 |  8.6

Action                     |  1- 3 |  4- 6 |  7- 9 | 10-12 | 13-15 || total
---------------------------+-------+-------+-------+-------+-------++-------
  Melee: Unarmed           |    73 |   107 |   211 |   474 |    87 ||   952
         Punch             |     1 |     4 |    14 |    44 |    12 ||    75
         Maw               |       |       |       |       |     2 ||     2
 Invoke: Minor Destruction |       |       |       |     5 |       ||     5
    Use: Potion            |       |       |     1 |       |       ||     1
         Scroll            |       |       |     9 |    13 |       ||    22
   Stab: Confused          |       |       |       |     1 |       ||     1
 Armour: Animal skin       |    10 |     4 |       |       |       ||    14
         Leather armour    |       |    27 |    68 |   147 |    23 ||   265
         Skin              |       |       |    59 |       |    14 ||    73
  Dodge: Dodged            |    34 |    43 |    86 |   330 |    96 ||   589
   Form: Blade             |       |       |       |     2 |       ||     2
         Beast             |       |       |       |     1 |       ||     1
         Maw               |       |       |       |       |     1 ||     1

Table legend: (Time is in decaauts)
 A = Elapsed time spent in this place.
 B = Non-inter-level travel time spent in this place.
 C = Inter-level travel time spent in this place.
 D = Time resting spent in this place.
 E = Time spent auto-exploring this place.
 F = Levels seen in this place.
 G = Mean time per level.
                   A        B        C        D        E       F      G
               +--------+--------+--------+--------+--------+-----+--------+
         Total |   5254 |   4921 |    333 |      0 |   2759 |  16 |  328.4 |
       Dungeon |   3770 |   3494 |    276 |      0 |   2315 |   9 |  418.9 |
          Lair |    973 |    916 |     57 |      0 |    335 |   5 |  194.6 |
        Bailey |    241 |    241 |      0 |      0 |    109 |   1 |  241.0 |
      Gauntlet |    269 |    269 |      0 |      0 |      0 |   1 |  269.0 |
               +--------+--------+--------+--------+--------+-----+--------+

Top non-repeatable levels by time:
     D:7: 697 daAuts
     D:6: 582 daAuts
     D:5: 551 daAuts
     D:3: 503 daAuts
  Lair:4: 475 daAuts
     D:8: 379 daAuts
Gauntlet: 269 daAuts
     D:1: 268 daAuts
     D:4: 266 daAuts
     D:2: 261 daAuts
     D:9: 259 daAuts
  Bailey: 241 daAuts
  Lair:2: 214 daAuts
  Lair:1: 122 daAuts
  Lair:5: 91 daAuts
